[Event "Late-Titled-Tuesday-Blitz-October-10-2023"]
[Site "Chess.com"]
[Date "2023.10.10"]
[Round "3"]
[White "wadsy27"]
[Black "EsmeraldasAnderson03"]
[Result "1-0"]
[WhiteElo "2644"]
[BlackElo "2443"]
[TimeControl "180+1"]
[EndTime "14:27:31 PDT"]
[Termination "wadsy27 won on time"]

1. Nf3 d5 2. g3 Nf6 3. Bg2 c5 4. O-O h6 5. c4 e6 6. cxd5 exd5 7. d4 c4 8. Nc3 Nc6 9. Bf4 Bd6 10. Ne5 O-O 11.
Nxd5 Nxd5 12. Bxd5 Bxe5 13. dxe5 g5 14. Bxc6 bxc6 15.
Qxd8 Rxd8 16. Be3 a6 17. Rac1 Be6 18. Rfd1 Rab8 19. Bd4 Rd5 20. Bc3 Rbd8 21. Rxd5 Rxd5 22. f3 Kg7 23. Kf2 Kg6 24. Rh1 Rd7 25. h4 Rd8 26. hxg5 hxg5 27. a4 Bc8 28. a5 Be6 29. Ra1 Kg7 30. Ra4 Rb8 31. e4 Kf8 32. f4 gxf4 33. gxf4 Bg4 34. Rxc4 Bd7 35. f5 Ke7 36. Rb4 Rh8 37.
Rb7 Rh4 38. Kf3 c5 39. Rc7 Kd8 40. Rxc5 Be8 41. Rd5+ Kc7 42. Rd6 Bc6 43. Rd4 Bb7 44.
e6 fxe6 45. fxe6 Bc6 46. e7 Rh6 47. Bb4 Re6 48. Rd8 Rxe4 49. Bd6+ 1-0

[Event "Late-Titled-Tuesday-Blitz-October-10-2023"]
[Site "Chess.com"]
[Date "2023.10.10"]
[Round "3"]
[White "BigAl"]
[Black "kasparicy"]
[Result "1-0"]
[WhiteElo "2594"]
[BlackElo "2403"]
[TimeControl "180+1"]
[EndTime "14:27:34 PDT"]
[Termination "BigAl won on time"]

1. Nf3 d5 2. g3 e6 3. Bg2 f5 4. d3 c6 5. O-O Nf6 6. c4 Bd6 7. b3 O-O 8. Ba3 Bxa3 9. Nxa3 Qe8 10. Nc2 Nbd7 11. cxd5 exd5 12. e3 Qh5 13. Ncd4 Nc5 14.
Ne5 Qe8 15. Nef3 Bd7 16. b4 Na6 17. a3 Nc7 18. Qd2 Ng4 19. Rac1 Ne6 20. h3 Nxd4 21.
exd4 Nh6 22. Qf4 a5 23. Rfe1 Qb8 24. Ne5 Be8 25. b5 Nf7 26. Qxf5 Nxe5 27. Qxe5 Qd8 28. bxc6 bxc6 29. f4 Rf6 30. Re3 Bf7 31. Rce1 Re6 32. Qg5 Qxg5 33. fxg5 Rxe3 34. Rxe3 Kf8 35. Re1 Rb8 36.
Rc1 Rb6 37. Kf2 Ke7 38. Ke3 Kd6 39. Rc5 Rb5 40. Rc3 Rb2 41. Bf3 Rb1 42. h4 Rg1 43. Kf4 Ra1 44. h5 Rf1 45. Ke3 Re1+ 46. Kf2 Ra1 47. Rb3 a4 48. Rb7 Ra2+ 49. Ke3 Be6 50.
Rxg7 Rxa3 51. g6 hxg6 52. h6 1-0

[Event "Late-Titled-Tuesday-Blitz-October-10-2023"]
[Site "Chess.com"]
[Date "2023.10.10"]
[Round "3"]
[White "Beca95"]
[Black "The_Princess_Moon"]
[Result "1-0"]
[WhiteElo "2838"]
[BlackElo "2299"]
[TimeControl "180+1"]
[EndTime "14:27:35 PDT"]
[Termination "Beca95 won by resignation"]

1. d4 c5 2. c3 cxd4 3. cxd4 d6 4. Nc3 Nf6 5. e4 g6 6. Nf3 Bg7 7. h3 Nc6 8. Be3 O-O 9. d5 Ne5 10. Nxe5 dxe5 11. Bc4 Ne8 12. O-O Nd6 13. Bb3 f5 14. f3 f4 15. Bf2 b6 16. a4 Ba6 17.
Re1 Rc8 18. Na2 Kh8 19. Nb4 Bb7 20. Rc1 Qd7 21. Qd3 a5 22. Na2 b5 23. axb5 Qxb5 24. Qxb5 Nxb5 25. Ba4 Nd4 26. b4 axb4 27. Bxd4 exd4 28.
Nxb4 d3 29. Nxd3 Bd4+ 30. Kh2 Ba6 31. Nb4 Bb7 32. Bc6 Ba8 33. Bxa8 Rxa8 34. Nc6 Be3 35. Rxe3 fxe3 36. Nxe7 e2 37. Re1 Ra2 38. Nc6 Kg7 39.
Kg3 Kf6 40. e5+ Kf5 41. Kf2 Rd2 42. Rxe2 Rxd5 43. Ne7+ Ke6 44. Nxd5 Kxd5 45. e6 Re8 46. e7 Kd6 47. Kg3 Rxe7 48. Rxe7 Kxe7 49. Kf4 Kf6 50. h4 h6 51. Ke4 Ke6 52. g4 g5 53. h5 Ke7 54.
Ke5 Kf7 55. Kf5 Kg7 56. Ke6 Kg8 57. Kf6 Kh7 58. Kf7 Kh8 59. Kg6 Kg8 60. Kxh6 1-0

[Event "Late-Titled-Tuesday-Blitz-October-10-2023"]
[Site "Chess.com"]
[Date "2023.10.10"]
[Round "3"]
[White "tolimachess"]
[Black "slow_jamz"]
[Result "0-1"]
[WhiteElo "2449"]
[BlackElo "2662"]
[TimeControl "180+1"]
[EndTime "14:27:35 PDT"]
[Termination "slow_jamz won by checkmate"]

1. e4 c5 2. Nc3 a6 3. g3 b5 4.
Bg2 Bb7 5. Nge2 Nf6 6. d3 d6 7.
O-O e6 8. h3 Qc7 9. Bg5 Nbd7 10. Qd2 Be7 11. f4 h6 12. Bh4 Rc8 13. f5 e5 14. g4 Nxe4 15. dxe4 Bxh4 16. Rad1 Be7 17. Ng3 Nf6 18. Bf3 b4 19. Nce2 c4 20. c3 Qb6+ 21.
Kg2 a5 22. h4 Nd7 23. Rh1 Nc5 24. Nc1 bxc3 25. bxc3 Qb1 26. g5 Nxe4 27. Qe1 Nxg3 28. Bxb7 Qxb7+ 29. Kxg3 hxg5 30. hxg5 Rxh1 31. Qxh1 Qxh1 32.
Rxh1 Bxg5 33. Ne2 Ke7 34. Kf3 d5 35. Ng3 Bf6 36. Rb1 Rc7 37. Rb5 e4+ 38. Ke2 Bxc3 39. Rxd5 Bb4 40. Kd1 c3 41. Kc2 e3 42. Re5+ Kf6 43.
Rxe3 Rd7 44. Ne4+ Kxf5 45. a3 Kf4 46. Re1 Bxa3 47. Nxc3 Bb4 48. Rf1+ Ke5 49. Ne2 Rd2+ 50. Kb3 Rxe2 51. Rxf7 g5 52. Re7+ Bxe7 53. Ka4 Bb4 54. Kb5 g4 55. Ka4 g3 56. Kb3 g2 57. Kc4 g1=Q 58. Kb5 Qd1 59. Ka6 Qd3+ 60. Ka7 Bc5+ 61. Kb7 Qb5+ 62. Kc8 Qc6+ 63. Kb8 Bd6+ 64. Ka7 Qc7+ 65.
Ka6 Qc6+ 66. Ka7 Bc5+ 67. Kb8 Qb6+ 68. Kc8 Qa7 69. Kd8 Qb7 70. Ke8 Qe7# 0-1

[Event "Late-Titled-Tuesday-Blitz-October-10-2023"]
[Site "Chess.com"]
[Date "2023.10.10"]
[Round "3"]
[White "FontVella8"]
[Black "Roberz12"]
[Result "0-1"]
[WhiteElo "2622"]
[BlackElo "2450"]
[TimeControl "180+1"]
[EndTime "14:27:38 PDT"]
[Termination "Roberz12 won by resignation"]

1. e4 c5 2. Nf3 Nc6 3. d4 cxd4 4. Nxd4 Nf6 5. Nc3 e5 6. Ndb5 d6 7. Nd5 Nxd5 8. exd5 Ne7 9. c4 Ng6 10. Qa4 Bd7 11. Qb4 Bf5 12. h4 h5 13. Be2 Be7 14. Bg5 f6 15. Be3 a6 16. Nc3 Qc8 17. Na4 Qc7 18. Nb6 Rb8 19. Qa4+ Kf7 20. Qd1 Nf4 21. O-O g5 22. hxg5 fxg5 23. c5 h4 24. Bg4 Be4 25. f3 Bg6 26. Nc4 Bd3 27.
Nxd6+ Bxd6 28. cxd6 Qc4 29. Rc1 Ne2+ 30. Qxe2 Bxe2 31. Rxc4 Bxc4 32. Rc1 Bxd5 33. Rc7+ Kf6 34. Bd2 Rhd8 35. Bb4 b6 36. a4 Rb7 37. Re7 Rxe7 38. dxe7 Re8 39. Bd7 Rxe7 40. Bxe7+ Kxe7 41. Bc8 a5 42.
Bf5 Kd6 43. Bc2 Kc5 44. Kf2 Kb4 45. Ke3 Bb3 46. Bd3 Bd5 47. Bc2 Bc6 48. b3 Kc3 49.
Bd1 Bd5 50. Be2 Kxb3 51. Bb5 Kb4 52. Bd7 Kc5 53. Kd3 Bc6 54. Bxc6 Kxc6 55. Kc4 b5+ 56.
axb5+ Kb6 57. Kd5 Kxb5 58. Kxe5 a4 59. Kd4 a3 60. Kc3 Kc5 0-1

[Event "Late-Titled-Tuesday-Blitz-October-10-2023"]
[Site "Chess.com"]
[Date "2023.10.10"]
[Round "3"]
[White "German_Bazeev"]
[Black "adricalderon8"]
[Result "1/2-1/2"]
[WhiteElo "2802"]
[BlackElo "2510"]
[TimeControl "180+1"]
[EndTime "14:27:41 PDT"]
[Termination "Game drawn by repetition"]

1. c4 e5 2. Nc3 Nf6 3. Nf3 Nc6 4. e4 Bb4 5. d3 O-O 6. Be2 d6 7. h3 a5 8. O-O h6 9. Be3 Nd7 10. Nd5 Bc5 11. Qd2 Nd4 12. Bxd4 Bxd4 13. Nxd4 exd4 14. Nf4 Qg5 15. Rad1 c6 16. g3 Nc5 17. h4 Qe7 18. Rfe1 Bd7 19. Bf1 Rae8 20. Bg2 Qd8 21. Ne2 Ne6 22.
f4 Qb6 23. f5 Nc5 24. Kh2 f6 25. Nxd4 Qb4 26. Ne2 d5 27. Nf4 dxe4 28. dxe4 Qxd2 29. Rxd2 Bxf5 30. Rde2 g5 31. exf5 Rxe2 32. Nxe2 Re8 33. Bf3 Re3 34. Bh5 Nd3 35. Rd1 Nxb2 36. Rd7 Nxc4 37.
Nd4 Ne5 38. Rd8+ Kg7 39. Ne6+ Kh7 40. hxg5 hxg5 41. g4 Re2+ 42. Kg3 Rxa2 43. Re8 Ra3+ 44. Kf2 Ra2+ 45. Kf1 Ra1+ 46. Ke2 Ra2+ 47. Ke3 Ra3+ 48. Kd2 Rd3+ 49. Kc2 Rd4 50. Re7+ Kh6 51. Nf8 Rc4+ 52.
Kb1 Rb4+ 53. Ka2 Ra4+ 54. Kb2 Rb4+ 55. Kc2 Rc4+ 56. Kd1 Rd4+ 57. Kc2 Rc4+ 1/2-1/2

[Event "Late-Titled-Tuesday-Blitz-October-10-2023"]
[Site "Chess.com"]
[Date "2023.10.10"]
[Round "3"]
[White "2346PL"]
[Black "Thormento16"]
[Result "0-1"]
[WhiteElo "2518"]
[BlackElo "2276"]
[TimeControl "180+1"]
[EndTime "14:27:41 PDT"]
[Termination "Thormento16 won by resignation"]

1. Nf3 d5 2. g3 e6 3. Bg2 Nf6 4. O-O Be7 5. d4 O-O 6. c4 c6 7. b3 Nbd7 8. Bb2 dxc4 9. bxc4 c5 10. d5 exd5 11. cxd5 Nb6 12. Nc3 Nbxd5 13. Nxd5 Qxd5 14. Ne5 Qxd1 15. Rfxd1 Rb8 16. Rac1 Be6 17. Nc4 b6 18.
a4 Rfd8 19. Be5 Rxd1+ 20. Rxd1 Rd8 21. Rxd8+ Bxd8 22. Nd6 Bd7 23. Nb5 a6 24. Nc7 Bxa4 25.
Nxa6 Bb5 26. Nb8 Bxe2 27. Nc6 Nd7 28. Bd6 Bf6 29. Bh3 Nf8 30. Na7 c4 31. Bf1 Bxf1 32. Kxf1 Ne6 33. Ke2 Nd4+ 34. Kd2 b5 35. Kd1 g5 36. Bc5 Ne6 37. Bd6 Nd4 38. Bc5 Nb3 39. Bb4 Bd4 40. Nxb5 Bxf2 41. g4 Nd4 42. Nd6 Nf3 43. h3 Ng1 44. Bd2 h6 45. Nf5 Kh7 46. Nd6 Kg6 47. Ne4 Bd4 48. Nd6 c3 49. Be1 Nxh3 50.
Nf5 Bc5 51. Kc2 Nf2 52. Bxf2 Bxf2 53. Kxc3 h5 54. Ne7+ Kf6 55. Nd5+ Ke5 56. Nb4 Be1+ 57. Kc4 Bxb4 58. gxh5 Bf8 0-1

[Event "Late-Titled-Tuesday-Blitz-October-10-2023"]
[Site "Chess.com"]
[Date "2023.10.10"]
[Round "3"]
[White "MikeSailer"]
[Black "Grossboss19"]
[Result "1-0"]
[WhiteElo "2183"]
[BlackElo "2508"]
[TimeControl "180+1"]
[EndTime "14:27:43 PDT"]
[Termination "MikeSailer won on time"]

1. d4 c6 2. Bf4 d5 3. e3 g6 4. Nd2 Bg7 5. Bd3 Nf6 6. c3 O-O 7.
h3 Re8 8. Ngf3 Kh8 9. O-O Bf5 10. Bxf5 gxf5 11. Ne5 Rf8 12. Ndf3 Nbd7 13. Qc2 e6 14. c4 Ne4 15. b4 Rc8 16. a4 Qe7 17.
Nxd7 Qxd7 18. Rfc1 a6 19. Ne5 Bxe5 20. Bxe5+ f6 21.
Bh2 Rg8 22. f3 Nd6 23. c5 Nc4 24. Qf2 Rg6 25. Rcb1 Rcg8 26. b5 axb5 27. axb5 cxb5 28. Bf4 Qg7 29. g4 fxg4 30. hxg4 f5 31. g5 Rxg5+ 32. Bxg5 Qxg5+ 33. Kf1 Nxe3+ 34. Ke2 Nc4 35. Ra2 b4 36. Rxb4 Qc1 37. Rb3 Qh1 38. Kd3 Qd1+ 39. Kc3 Rg1 40. Kb4 Rf1 41. Ra8+ Kg7 42. Qg2+ Kh6 43. Qh3+ Kg5 44.
Qg3+ 1-0

[Event "Late-Titled-Tuesday-Blitz-October-10-2023"]
[Site "Chess.com"]
[Date "2023.10.10"]
[Round "3"]
[White "Skatchkov_V"]
[Black "stasOR4ik"]
[Result "0-1"]
[WhiteElo "2590"]
[BlackElo "2435"]
[TimeControl "180+1"]
[EndTime "14:27:44 PDT"]
[Termination "stasOR4ik won by resignation"]

1. d4 d5 2. c4 c6 3. cxd5 cxd5 4.
Bg5 Nc6 5. Nc3 f6 6. Bd2 Nxd4 7. e3 Nc6 8. Qb3 e6 9. Nf3 Bd6 10. Bd3 Nge7 11. O-O O-O 12. e4 Ne5 13. Nxe5 Bxe5 14.
exd5 Nxd5 15. Rad1 Nxc3 16. Bxc3 Qc7 17. Bxe5 Qxe5 18. Rfe1 Qa5 19. h3 Re8 20. Bb5 Re7 21. Re4 a6 22. Bd3 b5 23. Rh4 h6 24. Be4 Rb8 25. Qg3 Qc7 26. Qg6 f5 27. Bb1 Kh8 28. g4 Bb7 29. gxf5 Qc6 30. Be4 Qe8 31. Qxe8+ Rbxe8 32.
Bxb7 Rxb7 33. f6 Rf7 34. fxg7+ Kxg7 35. Rg4+ Kf6 36. Rd6 Ra8 37. Rf4+ Ke7 38. Rxf7+ Kxd6 39. Kg2 Rc8 40. Ra7 Rc6 41. Kf3 Ke5 42. Ke3 Kd5 43.
b3 Kc5 44. Ke4 Kb4 45. Rh7 Ka3 46. Rxh6 Kxa2 47. f4 Kxb3 48. Kd4 a5 49. Rh5 Rc4+ 50. Ke3 Rb4 51. Rc5 a4 52. h4 a3 53. h5 Kb2 54.
Rc1 Kxc1 55. h6 a2 56. h7 a1=Q 57. h8=Q Qxh8 0-1

[Event "Late-Titled-Tuesday-Blitz-October-10-2023"]
[Site "Chess.com"]
[Date "2023.10.10"]
[Round "3"]
[White "blueryder"]
[Black "Inepton_Fermion"]
[Result "0-1"]
[WhiteElo "2176"]
[BlackElo "2408"]
[TimeControl "180+1"]
[EndTime "14:27:46 PDT"]
[Termination "Inepton_Fermion won on time"]

1. e4 c5 2. Nc3 Nc6 3. f4 g6 4. Nf3 Bg7 5. Bc4 e6 6. d3 Nge7 7. Bb3 O-O 8. O-O d5 9. e5 Nf5 10. Ne2 Bd7 11. c3 b5 12. d4 cxd4 13. cxd4 Na5 14.
Bc2 Nc4 15. Bxf5 exf5 16. b3 Nb6 17. Ba3 Re8 18. Bd6 Rc8 19. Rc1 Bf8 20. Bxf8 Rxf8 21. Qd3 Qe7 22. Ng5 Qa3 23. Qh3 h5 24. Rxc8 Rxc8 25.
Ng3 Rc1 26. Qh4 Rxf1+ 27. Nxf1 Qxa2 28. Nxf7 Kxf7 29. Qf6+ Ke8 30. e6 Qa3 31. Qxg6+ Kd8 32. exd7 Kxd7 33. Qxf5+ Kc6 34. Qe6+ Kb7 35. f5 Qxb3 36.
f6 Qb4 37. Qe5 Nd7 38. Qe7 Qxd4+ 39. Kh1 Qxf6 40. Qxd7+ Kb6 41. Kg1 Qd4+ 42. Kh1 Qf2 43. Qd6+ Ka5 44. Qa3+ Kb6 45. Qc1 a5 46. h3 a4 47.
Qe3+ Qxe3 48. Nxe3 Kc5 49. g4 a3 50. Nc2 a2 51. gxh5 b4 52. h6 b3 53. h7 bxc2 54. h8=Q c1=Q+ 55. Kh2 a1=Q 0-1

[Event "Late-Titled-Tuesday-Blitz-October-10-2023"]
[Site "Chess.com"]
[Date "2023.10.10"]
[Round "3"]
[White "familijatop71"]
[Black "EfrenRamos1"]
[Result "1/2-1/2"]
[WhiteElo "2155"]
[BlackElo "2398"]
[TimeControl "180+1"]
[EndTime "14:27:48 PDT"]
[Termination "Game drawn - insufficient material"]

1. e4 e5 2. Nf3 Nc6 3. Bc4 Nf6 4. d3 Bc5 5. O-O d6 6. h3 a5 7. a4 h6 8. Re1 Ba7 9. Nbd2 Ne7 10. c3 Ng6 11.
Nf1 c6 12. d4 O-O 13. Ng3 Re8 14.
Qc2 d5 15. exd5 cxd5 16. Bb5 Bd7 17. dxe5 Bxb5 18. axb5 Nd7 19. e6 Nf6 20. exf7+ Kxf7 21. Bd2 Qc7 22. Nf5 Ne4 23. N3d4 Re5 24. Re2 Rae8 25. Rae1 Qd7 26. b4 axb4 27. cxb4 Rxf5 28. Nxf5 Qxf5 29. Be3 Bxe3 30. Rxe3 Rc8 31. Qd1 Qxf2+ 32. Kh2 Nf4 33. Qf3 Rc2 34. Qxf2 Rxf2 35. Rf3 Rxf3 36. gxf3 Nf6 37.
Ra1 b6 38. Ra7+ Kg6 39. Ra6 d4 40. Rxb6 Kf5 41. Rd6 N6d5 42. b6 Nxb6 43. Rxb6 d3 44. Rd6 Ke5 45. Rd8 Nd5 46. Ra8 d2 47. Ra1 Ne3 48.
b5 Kd6 49. b6 d1=Q 50. Rxd1+ Nxd1 51. Kg3 Nc3 52. Kg4 g6 53. b7 Kc7 54. Kf4 Ne2+ 55. Ke5 Ng1 56. Kf6 g5 57. Kg6 Nxf3 58. Kxh6 Kxb7 59.
Kh5 Kc6 60. Kg4 Ne5+ 61. Kxg5 Kd5 62. h4 Nf3+ 63. Kg4 Nxh4 1/2-1/2

[Event "Late-Titled-Tuesday-Blitz-October-10-2023"]
[Site "Chess.com"]
[Date "2023.10.10"]
[Round "3"]
[White "BulteniBo"]
[Black "emiliochess"]
[Result "1/2-1/2"]
[WhiteElo "2544"]
[BlackElo "2322"]
[TimeControl "180+1"]
[EndTime "14:27:49 PDT"]
[Termination "Game drawn by repetition"]

1. Nf3 d5 2. g3 Nf6 3. Bg2 g6 4. O-O Bg7 5. b3 Ne4 6. d4 O-O 7. Bb2 Nd7 8. Nfd2 Nxd2 9. Nxd2 c6 10. f4 Nf6 11. h3 h5 12. c4 Bf5 13. Rc1 Qd7 14. Kh2 Rac8 15. Nf3 Ne4 16. Ne5 Qe6 17.
e3 f6 18. Nf3 Qd7 19. Nh4 Rfe8 20. Nxf5 Qxf5 21. g4 hxg4 22. hxg4 Qe6 23. Qf3 Kf7 24. Rh1 Nd2 25. Qe2 Rh8+ 26. Bh3 Ne4 27. Kg2 Qd6 28.
c5 Qc7 29. Rh2 e6 30. Rch1 Qa5 31. g5 f5 32. a3 Rh4 33. Kf3 Rch8 34. b4 Qa4 35. Bf1 Rxh2 36. Rxh2 Rxh2 37. Qxh2 Qd1+ 38. Qe2 Nd2+ 39. Kf2 Ne4+ 40. Kf3 Nd2+ 41. Kg2 Qc2 42. Ba1 Nxf1 43. Kxf1 Qc1+ 44. Qe1 Qxa3 45. Bc3 a6 46. Bd2 Qd3+ 47. Kf2 Qe4 48. Qc1 Bf8 49. Qg1 Be7 50. Qh2 Bf8 51. Qh8 Qc2 52. Qf6+ Ke8 53. Qxe6+ Be7 54.
Qxg6+ Kd8 55. Ke1 Qb1+ 56. Ke2 Qe4 57. Qg8+ Kd7 58. Qh7 Qg2+ 59. Kd1 Qf1+ 60. Kc2 Qc4+ 61. Kd1 Qf1+ 62. Kc2 Qc4+ 63. Kd1 Qf1+ 1/2-1/2

[Event "Late-Titled-Tuesday-Blitz-October-10-2023"]
[Site "Chess.com"]
[Date "2023.10.10"]
[Round "3"]
[White "AlleyOoper"]
[Black "acertijo08"]
[Result "1-0"]
[WhiteElo "2589"]
[BlackElo "2386"]
[TimeControl "180+1"]
[EndTime "14:27:50 PDT"]
[Termination "AlleyOoper won by resignation"]

1. c4 Nf6 2. g3 e6 3. Bg2 d5 4. Nf3 c5 5. O-O Nc6 6. cxd5 exd5 7. d4 Be7 8. Nc3 O-O 9. dxc5 Bxc5 10. Bg5 d4 11.
Ne4 Be7 12. Bxf6 Bxf6 13. b4 d3 14. Nxf6+ Qxf6 15. Qxd3 Nxb4 16. Qd4 Qe7 17. Qb2 Nc6 18. Rfd1 Re8 19. Rd2 Bg4 20. Rad1 Rad8 21. h3 Rxd2 22.
Rxd2 Bh5 23. e3 h6 24. Nd4 Nxd4 25. Rxd4 b6 26. Qd2 Bg6 27. Rd7 Qa3 28. Bd5 Qa4 29.
Bb3 Qa3 30. Rc7 a5 31. Qd7 Rf8 32. Qc6 Qb4 33. Qxg6 Qxb3 34. Qxg7+ Kxg7 35. axb3 Rd8 36. Rb7 Rd6 37. Kg2 Kg6 38. g4 f6 39. Kg3 h5 40.
f3 hxg4 41. hxg4 f5 42. gxf5+ Kxf5 43. e4+ Ke5 44. Rf7 Rg6+ 45. Kf2 Kd4 46. Rf5 Kc3 47.
Rb5 Kd4 48. e5 Rh6 49. Kg3 Ke3 50. Kg4 Rg6+ 51. Kf5 Rg3 52. Rxb6 Rxf3+ 53. Ke6 Kd4 54. Kd6 Rh3 55. e6 Rh6 56. Rb5 Kc3 57. Rxa5 Kxb3 58.
Re5 Kc4 59. Re4+ Kb5 60. Kd7 Rh1 61. e7 Rd1+ 62. Ke6 1-0

[Event "Late-Titled-Tuesday-Blitz-October-10-2023"]
[Site "Chess.com"]
[Date "2023.10.10"]
[Round "3"]
[White "Alex_Sahakyan2006"]
[Black "h4parah5"]
[Result "1-0"]
[WhiteElo "2733"]
[BlackElo "2926"]
[TimeControl "180+1"]
[EndTime "14:27:51 PDT"]
[Termination "Alex_Sahakyan2006 won by resignation"]

1. c4 Nf6 2. Nc3 g6 3. d4 d6 4. e4 Bg7 5. Be2 O-O 6. Nf3 Nbd7 7. O-O e5 8. Be3 Qe7 9. dxe5 dxe5 10. Nd5 Qd8 11. Qc2 Ng4 12. Bg5 f6 13. Bc1 c6 14.
Nc3 Qe7 15. h3 Nh6 16. b3 Nf7 17. Rd1 Re8 18. Na4 Nf8 19. c5 f5 20. Bd3 Ne6 21. exf5 e4 22. fxe6 exd3 23. exf7+ Qxf7 24. Qb1 Bxa1 25. Qxa1 Bf5 26. Qc3 Re2 27. Bb2 Kf8 28. Ng5 Qg8 29.
Qf6+ Ke8 30. Nc3 Re7 31. g4 h6 32. Nf3 Re6 33. Qh4 g5 34. Qg3 Bh7 35. Nd4 Re7 36. Nf5 Bxf5 37. gxf5 Rd8 38. f6 Re6 39. Qg4 Qf7 40.
Ne4 Kf8 41. Nd6 Qd7 42. Qh5 Qh7 43. Qg4 Re2 44. Bc3 Qg6 45. f7 b6 46. Qd4 Ke7 47.
Qg7 Qxg7 48. Bxg7 bxc5 49. f8=Q+ Rxf8 50. Bxf8+ Kxf8 51. Rxd3 Rxa2 52. Nb7 Rc2 53. Na5 Ke7 54. Nxc6+ Ke6 55. Nxa7 c4 56. bxc4 Rxc4 57. Nb5 Kf6 58. Kg2 h5 59. Nd4 g4 60. hxg4 hxg4 61. Ne2 Kg5 62. Ng3 Rc2 63. Rd5+ Kg6 64. Ne4 Re2 65. Rg5+ Kh6 66. Rxg4 Kh5 67. Ng3+ 1-0

[Event "Late-Titled-Tuesday-Blitz-October-10-2023"]
[Site "Chess.com"]
[Date "2023.10.10"]
[Round "3"]
[White "Rutricks"]
[Black "ContrVersia"]
[Result "0-1"]
[WhiteElo "2666"]
[BlackElo "2896"]
[TimeControl "180+1"]
[EndTime "14:27:52 PDT"]
[Termination "ContrVersia won on time"]

1. Nf3 d5 2. b3 Bg4 3. Bb2 Bxf3 4. gxf3 e6 5. f4 Nf6 6. e3 g6 7. c4 Bg7 8. cxd5 exd5 9. Nc3 O-O 10. f5 d4 11. Ne2 c5 12. Bg2 Nbd7 13. O-O Ne5 14. exd4 cxd4 15. Bxd4 Qd6 16. h3 Rad8 17. Rc1 Rfe8 18.
Be3 Nd3 19. Rc4 Nb2 20. Qc2 Nxc4 21. Qxc4 b6 22. Rc1 Nd5 23. Ng3 Nxe3 24. dxe3 Rxe3 25. fxg6 hxg6 26. Nf5 gxf5 27. fxe3 Qd2 28. Rf1 Qxe3+ 29.
Kh1 Qg5 30. Qf4 Qxf4 31. Rxf4 Rd2 32. Rxf5 Rxa2 33. Bd5 Ra1+ 34. Kg2 Kh7 35. Rxf7 Kg6 36. Rb7 Be5 37. Re7 Bf6 38. Rc7 Kf5 39. Bc4 Kf4 40. Rf7 Ra2+ 41. Kf1 Ke5 42. Rd7 Ke4 43. Rf7 Bd4 44.
Bb5 Ra1+ 45. Ke2 Ra2+ 46. Kf1 Rh2 47. Bc6+ Kd3 48. Rf3+ Be3 49. Bd5 Rh1+ 50. Kg2 Rg1+ 51. Kh2 Rg5 52. Bc4+ Ke4 53. Rf8 Bf4+ 54. Kh1 Rg3 55.
Bd5+ Kxd5 56. Rxf4 Rxh3+ 57. Kg2 Rxb3 58. Ra4 a5 59.
Rb4 Rxb4 0-1

[Event "Late-Titled-Tuesday-Blitz-October-10-2023"]
[Site "Chess.com"]
[Date "2023.10.10"]
[Round "3"]
[White "iturrizaga"]
[Black "TheBigBoss04"]
[Result "1-0"]
[WhiteElo "2998"]
[BlackElo "2738"]
[TimeControl "180+1"]
[EndTime "14:27:54 PDT"]
[Termination "iturrizaga won on time"]

1. c4 e6 2. Nf3 d5 3. e3 Nf6 4. Nc3 Nbd7 5. b3 g6 6. Bb2 Bg7 7. Qc2 O-O 8. g3 b6 9. Bg2 Ba6 10. d3 Rc8 11. O-O c5 12. Rad1 Qe7 13. Rfe1 Rfd8 14. Qb1 Bb7 15. Qa1 Qf8 16. h3 a6 17.
g4 h6 18. Ne2 Ne8 19. Ng3 Bxb2 20. Qxb2 Qg7 21. Qc1 Nd6 22. e4 dxc4 23. dxc4 Ne5 24. Nxe5 Qxe5 25. Qxh6 Ne8 26. Qe3 b5 27. Bf1 bxc4 28.
Bxc4 Rd4 29. f4 Qd6 30. Rxd4 cxd4 31. Qd2 d3 32. Qe3 Rd8 33. Rd1 d2 34. Nf1 Qd4 35. Kf2 Nf6 36. Ng3 Qb2 37. g5 Qc2 38.
Ke2 Nxe4 39. Nxe4 Bxe4 40. Bxa6 Qxd1+ 41. Kxd1 Bc2+ 42. Kxc2 d1=Q+ 43. Kc3 Qa1+ 44. Kb4 Qxa2 45. Bc4 Rb8+ 46. Kc3 Qa1+ 47. Kc2 Rd8 48. Bd3 Qa2+ 49. Kc3 Qa5+ 50. Kc2 Qa2+ 51. Kc3 Rc8+ 52. Bc4 Ra8 53. Qd2 Qa1+ 54. Kc2 1-0

[Event "Late-Titled-Tuesday-Blitz-October-10-2023"]
[Site "Chess.com"]
[Date "2023.10.10"]
[Round "3"]
[White "CarlosjPineror"]
[Black "realmadridfc123"]
[Result "0-1"]
[WhiteElo "2489"]
[BlackElo "2810"]
[TimeControl "180+1"]
[EndTime "14:27:54 PDT"]
[Termination "realmadridfc123 won on time"]

1. e4 e5 2. Nf3 Nc6 3. Bb5 a6 4. Ba4 Nf6 5. d3 b5 6. Bb3 Bc5 7. O-O d6 8. h3 h6 9. c3 O-O 10. Re1 d5 11. Nbd2 d4 12. Nf1 Qd6 13. c4 Na5 14.
N1d2 Nxb3 15. axb3 Nh5 16. cxb5 Nf4 17. Nf1 Bb7 18. Bxf4 exf4 19. bxa6 Rxa6 20. Rxa6 Qxa6 21. Qc2 Bb6 22. N1d2 c5 23. Nc4 Bc7 24. Qd2 Ra8 25. b4 f5 26. e5 Bxf3 27. gxf3 cxb4 28. Qxb4 Qc6 29. e6 Re8 30. e7 Qxf3 31. Qb5 Qh5 32.
Qd5+ Kh8 33. Ne5 Rxe7 34. Nf3 Rxe1+ 35. Nxe1 Qe2 36. Nf3 Qxd3 37. Nxd4 f3 38. Qa8+ Kh7 39.
Nxf3 Qb1+ 40. Kg2 Qxb2 41. Qd5 Qf6 42. Nd4 Kg6 43. Kf1 Bb6 44. Ne6 Qh4 45. Qg2+ Kf6 46. Nxg7 Qc4+ 47. Kg1 Qc1+ 48. Kh2 Bc7+ 0-1

[Event "Late-Titled-Tuesday-Blitz-October-10-2023"]
[Site "Chess.com"]
[Date "2023.10.10"]
[Round "3"]
[White "Lady_Nika"]
[Black "falzehope0"]
[Result "1-0"]
[WhiteElo "2565"]
[BlackElo "2348"]
[TimeControl "180+1"]
[EndTime "14:27:54 PDT"]
[Termination "Lady_Nika won by resignation"]

1. e4 d5 2. exd5 Nf6 3. Nc3 g6 4. Nf3 Bg7 5. Bc4 O-O 6. O-O a6 7. a4 Nbd7 8. a5 b5 9. axb6 cxb6 10. Qe2 Nb8 11. Re1 Re8 12. d3 Bb7 13. Bg5 b5 14. Bb3 Nbd7 15. Ne4 Nxd5 16. c3 Qc7 17. d4 h6 18. Bd2 Nf4 19. Qf1 g5 20. g3 Ng6 21. Qh3 e5 22. Nfxg5 hxg5 23. Nxg5 Re7 24. Qf5 Ndf8 25. h4 Bc8 26. Qf3 Bb7 27. d5 Qd6 28. h5 Nh8 29. Ne4 Qb6 30. Be3 Qd8 31.
Qg4 Nh7 32. h6 Ng6 33. hxg7 Kxg7 34. Qh5 Kh8 35. Nf6 Nf8 36. Rad1 Qd6 37. Nxh7 Nxh7 38. Kg2 f6 39. Rh1 Rg7 40. Rh4 Rf8 41. Bh6 Rff7 42.
Bxg7+ Rxg7 43. Qe8+ Rg8 44. Qf7 Rg7 45. Qe8+ Rg8 46. Qh5 Rg7 47. Qf3 Kg8 48. Rdh1 a5 49.
Qe4 f5 50. Qxf5 Bxd5+ 51. Bxd5+ Qxd5+ 52. Qe4 Qd6 53. Rxh7 Rxh7 54. Rxh7 Kf8 55. Qa8+ 1-0

[Event "Late-Titled-Tuesday-Blitz-October-10-2023"]
[Site "Chess.com"]
[Date "2023.10.10"]
[Round "3"]
[White "aNaartjieZA"]
[Black "micke12a"]
[Result "0-1"]
[WhiteElo "2545"]
[BlackElo "2350"]
[TimeControl "180+1"]
[EndTime "14:27:55 PDT"]
[Termination "micke12a won by checkmate"]

1. e4 c5 2. Nf3 d6 3. g3 Nf6 4. d3 g6 5. Bg2 Bg7 6. O-O O-O 7. Re1 Nc6 8. c3 Rb8 9. a4 a6 10. h3 b5 11. axb5 axb5 12. d4 cxd4 13.
cxd4 d5 14. e5 Ne4 15. Nc3 b4 16. Nxe4 dxe4 17. Rxe4 Bf5 18. Re1 b3 19. Be3 Nb4 20. Ra7 Nc2 21. Re2 Ra8 22. Rxa8 Qxa8 23. Nd2 Qa2 24. g4 Bd3 25. Nxb3 Qxb3 26. Rd2 Rc8 27.
Rxd3 Qxb2 28. Qe2 Qb1+ 29. Rd1 Qb3 30. Rc1 Rc3 31. Qd2 Rc4 32. Bf1 Nxe3 33. fxe3 Rxc1 34. Qxc1 Bh6 35. Kf2 Bg5 36. Be2 Kg7 37. Qd2 Qb1 38. Qd1 Qe4 39. Qd3 Qh1 40. Bf1 Bh4+ 41. Ke2 Qh2+ 42. Kd1 Qf2 43. Qe2 Qg3 44. Kc2 Bg5 45. Kd3 f6 46. exf6+ exf6 47. Bg2 Qd6 48. Qb2 Qg3 49.
Qb7+ Kh6 50. Qf3 Qe1 51. d5 Qb1+ 52. Kd4 Qb4+ 53. Kd3 Qb3+ 54. Kd2 Qb2+ 55. Kd3 Qb3+ 56. Ke2 Qc2+ 57. Ke1 Qd3 58. Kf2 Qd2+ 59. Kg3 Bxe3 60. Qxf6 Qe1+ 61. Kh2 Bg1+ 62. Kh1 Bf2+ 63. Kh2 Qg1# 0-1

[Event "Late-Titled-Tuesday-Blitz-October-10-2023"]
[Site "Chess.com"]
[Date "2023.10.10"]
[Round "3"]
[White "nitpicker"]
[Black "josiur"]
[Result "1/2-1/2"]
[WhiteElo "2271"]
[BlackElo "2498"]
[TimeControl "180+1"]
[EndTime "14:27:58 PDT"]
[Termination "Game drawn - insufficient material"]

1. d4 d5 2. c4 e6 3. Nf3 a6 4. cxd5 exd5 5. Nc3 h6 6. Bf4 Nf6 7. e3 Bd6 8. Bg3 Bxg3 9. hxg3 O-O 10. Bd3 Nc6 11. a3 Ne7 12. Qc2 Be6 13. O-O c6 14. Ne5 Nc8 15. f3 Nd6 16. g4 Re8 17. Kf2 Rc8 18. b4 b5 19. Rh1 Nc4 20. Ne2 Nd7 21. Bh7+ Kf8 22. Nxc4 bxc4 23. Nf4 Qf6 24. Bf5 Bxf5 25. gxf5 Re7 26. g4 Rce8 27. Rae1 Qd6 28. Rh5 Rxe3 29. Rxe3 Qxf4 30. Qd2 Rxe3 31. Qxe3 Qxe3+ 32.
Kxe3 f6 33. Rh1 Ke7 34. Rb1 Nb6 35. a4 Nxa4 36. Ra1 Nb2 37. Rxa6 Kd6 38. Ra7 Nd3 39.
Rxg7 Nxb4 40. Rg6 Ke7 41. Rxh6 Nc2+ 42. Kf4 Nxd4 43. Rh7+ Kd6 44. Rf7 c3 45. Ke3 Nxf3 46. Rxf6+ Kc5 47. Kd3 d4 48. Re6 Ng5 49. Re2 Kd5 50. Rh2 c5 51. Rh5 c4+ 52. Kc2 Ne4 53. f6+ Ke6 54. Rf5 d3+ 55. Kc1 c2 56. Re5+ Kxf6 57. Rxe4 c3 58. Rc4 Ke5 59. Rxc3 Kd4 60. Rxc2 dxc2 61. Kxc2 Ke4 62. g5 Kf5 63. Kd3 Kxg5 1/2-1/2